AoeStats
← whispa88uk

Arena

508508241Analyzed
4v4 RM · 9d ago on Sep 22, 2026· 71m 58s· 8 players
Game mode
Random Map
Map size
Large (8 player)
Population
200
Speed
Normal
Resources
Standard
Victory
Conquest
Starting age
Dark Age
Ending age
Imperial Age
RankedLock teamsTeams togetherTeam positionsShared explorationLock speedFull tech treeHidden civsTurbo modeCheats
Victory
Defeat
🇨🇳 Spanish · China
938
+15
🇨🇿 Bengalis · Czechia
909
+16
🇵🇪 Mongols · Peru
903
+16
🇧🇷 Britons · Brazil
831
+19
🇮🇹 Danes · Italy
1029
-20
🇮🇹 Slavs · Italy
915
-17
🇨🇿 Inca · Czechia
866
-15
🇬🇧 Persians · United Kingdom
833
-14
Jota
0:27 Loom
11:04 Feudal Age
11:42 Horse Collar
19:30 Castle Age
17:37 Stone Mining
18:11 Gold Mining
18:51 Double-Bit Axe
20:13 Padded Archer Armor
20:04 Fletching
21:26 Bow Saw
21:19 Heavy Plow
23:36 Stone Shaft Mining
23:56 Nomads
26:02 Bodkin Arrow
26:23 Leather Archer Armor
28:04 Wheelbarrow
27:16 Town Watch
32:21 Imperial Age
30:42 Hand Cart
31:12 Forging
31:09 Scale Barding Armor
35:21 Chemistry
34:42 Ballistics
34:18 Elite Mangudai
35:25 Conscription
39:05 Elite Steppe Lancer
41:43 Gold Shaft Mining
43:15 Bracer
44:46 Iron Casting
44:32 Chain Barding Armor
47:49 Blast Furnace
50:04 Onager
52:44 Drill
62:08 Man-at-Arms
63:09 Long Swordsman
63:49 Two-Handed Swordsman
64:41 Scale Mail Armor
64:42 Champion
65:40 Chain Mail Armor
66:29 Caravan
66:39 Pikeman
67:20 Squires
68:36 Plate Mail Armor
dangoca
1:06 Loom
10:41 Feudal Age
18:51 Castle Age
17:09 Horse Collar
20:49 Double-Bit Axe
24:38 Heavy Plow
30:49 Imperial Age
29:12 Pikeman
30:02 Gold Mining
30:03 Stone Mining
31:18 Cavalier
31:58 Husbandry
32:46 Town Watch
33:38 Wheelbarrow
34:22 Elite Longbowman
36:06 Arson
36:21 Squires
36:07 Gambesons
47:14 Halberdier
66:50 Bow Saw
68:49 Caravan
Kurvinek
10:45 Feudal Age
12:04 Double-Bit Axe
12:02 Horse Collar
18:49 Castle Age
17:28 Stone Mining
20:06 Wheelbarrow
21:45 Forging
22:58 Hand Cart
23:27 Gold Mining
26:07 Heavy Plow
26:20 Bow Saw
25:59 Town Watch
31:56 Imperial Age
30:22 Fletching
30:33 Scale Mail Armor
30:37 Padded Archer Armor
32:00 Iron Casting
32:26 Squires
32:12 Gambesons
32:15 Arson
34:04 Conscription
34:09 Ballistics
34:50 Chemistry
33:21 Man-at-Arms
35:47 Blast Furnace
34:45 Bodkin Arrow
36:37 Two-Man Saw
36:44 Mahayana
36:41 Bloodlines
36:33 Husbandry
36:13 Pikeman
37:57 Halberdier
38:47 Scale Barding Armor
38:58 Chain Mail Armor
38:44 Bracer
39:01 Leather Archer Armor
40:20 Elite Battle Elephant
43:13 Paiks
42:33 Elite Ratha (Ranged)
47:42 Chain Barding Armor
47:53 Ring Archer Armor
59:17 Plate Barding Armor
464905725
11:30 Feudal Age
12:41 Double-Bit Axe
16:07 Castle Age
14:44 Loom
15:13 Stone Mining
23:13 Padded Archer Armor
26:46 Bow Saw
31:07 Husbandry
31:49 Ballistics
33:35 Gold Mining
36:34 Bloodlines
38:59 Imperial Age
38:44 Scale Barding Armor
38:54 Leather Archer Armor
39:27 Caravan
42:07 Wheelbarrow
43:06 Cavalier
45:04 Paladin
46:24 Ring Archer Armor
46:14 Chain Barding Armor
46:05 Forging
48:24 Two-Man Saw
47:12 Horse Collar
47:00 Elite Conquistador
50:09 Plate Barding Armor
50:09 Iron Casting
52:18 Chemistry
53:09 Blast Furnace
52:56 Stone Shaft Mining
whispa88uk
11:08 Feudal Age
14:00 Double-Bit Axe
16:35 Horse Collar
21:47 Castle Age
21:54 Wheelbarrow
21:06 Town Watch
23:20 Stone Mining
23:24 Gold Mining
22:59 Light Cavalry
23:42 Husbandry
23:53 Bloodlines
25:41 Scale Barding Armor
30:24 Heavy Plow
31:20 Kamandaran
32:05 Bow Saw
32:27 Crossbowman
34:00 Thumb Ring
36:56 Fletching
37:08 Padded Archer Armor
40:28 Imperial Age
38:16 Bodkin Arrow
38:37 Leather Archer Armor
39:29 Squires
38:50 Pikeman
39:40 Town Patrol
39:27 Loom
40:15 Forging
40:26 Chain Barding Armor
41:58 Gold Shaft Mining
41:48 Caravan
42:22 Conscription
43:08 Halberdier
45:26 Iron Casting
44:56 Scale Mail Armor
45:27 Ring Archer Armor
44:35 Onager
46:39 Two-Man Saw
46:54 Elite War Elephant
53:47 Man-at-Arms
58:50 Elite Skirmisher
71:17 Coinage
Chillpia
11:14 Feudal Age
12:41 Wheelbarrow
11:57 Double-Bit Axe
14:44 Horse Collar
15:10 Loom
18:08 Castle Age
19:24 Hand Cart
19:48 Bow Saw
21:18 Heavy Plow
24:51 Fletching
31:59 Town Watch
32:14 Bodkin Arrow
36:15 Imperial Age
34:54 Padded Archer Armor
38:21 Hoardings
38:36 Thumb Ring
37:52 Elite Skirmisher
38:44 Bracer
40:57 Murder Holes
43:03 Ballistics
44:45 Conscription
44:26 Andean Sling
45:08 Town Patrol
45:49 Thumb Ring
45:05 Elite Skirmisher
47:10 Leather Archer Armor
50:44 Ring Archer Armor
52:27 Ballistics
52:18 Masonry
52:47 Scale Mail Armor
52:58 Forging
54:42 Chemistry
59:43 Chain Mail Armor
60:04 Iron Casting
61:11 Plate Mail Armor
60:50 Pikeman
61:30 Squires
Ottone il Grande
11:29 Feudal Age
16:06 Castle Age
14:28 Loom
14:36 Double-Bit Axe
14:34 Horse Collar
14:53 Gold Mining
24:26 Wheelbarrow
23:37 Town Watch
30:10 Imperial Age
27:19 Elite Skirmisher
28:04 Padded Archer Armor
27:55 Fletching
28:06 Scale Mail Armor
28:17 Forging
28:56 Squires
28:42 Arson
28:43 Gambesons
30:48 Ballistics
31:03 Chain Mail Armor
31:24 Iron Casting
33:03 Elite Varangian Guard
36:06 Chemistry
35:02 Murder Holes
36:34 Leather Archer Armor
36:15 Bodkin Arrow
36:51 Plate Mail Armor
37:22 Blast Furnace
38:13 Ring Archer Armor
38:44 Blast Furnace
43:12 Bracer
47:03 Conscription
56:27 Capped Ram
59:16 Siege Ram
Gori91
11:14 Feudal Age
15:40 Castle Age
14:09 Double-Bit Axe
14:08 Horse Collar
14:30 Gold Mining
18:35 Wheelbarrow
20:54 Stone Mining
24:29 Gold Shaft Mining
24:26 Bow Saw
24:45 Heavy Plow
29:34 Imperial Age
29:36 Ballistics
29:12 Murder Holes
29:29 Fortified Wall
31:57 Bloodlines
31:49 Husbandry
34:11 Chemistry
34:08 Scale Barding Armor
34:14 Forging
34:10 Elite Boyar
36:06 Chain Barding Armor
36:32 Iron Casting
38:00 Heavy Scorpion
40:46 Plate Barding Armor
41:11 Blast Furnace
41:34 Conscription
52:02 Siege Engineers
52:07 Masonry
54:36 Light Cavalry
54:37 Cavalier
55:56 Pikeman
56:37 Squires
56:56 Halberdier
62:55 Caravan
63:19 Scale Mail Armor
68:16 Chain Mail Armor
70:25 Hussar
Connection lost

Rejoining the realm…

Still unreachable

The connection could not be restored.

Session expired

The server has moved on; the page needs a fresh start.